 Dungeon Crawl Stone Soup version 0.26-a0-646-g5d7718319a (webtiles) character file.

Game seed: 11845060334845002312

91 DogServant the Grave Robber (level 4, -8/24 HPs)
             Began as a Tengu Necromancer on Sept 24, 2020.
             Killed from afar by an orc wizard (9 damage)
             ... with a magic dart
             ... on level 2 of the Dungeon.
             The game lasted 00:07:08 (3191 turns).

DogServant the Grave Robber (Tengu Necromancer)     Turns: 3191, Time: 00:07:09

Health: -8/24      AC:  2    Str:  9    XL:     4   Next: 59%
Magic:  1/8        EV: 13    Int: 15    God:
Gold:   109        SH:  0    Dex: 15    Spells: 2/7 levels left

rFire    . . .     SeeInvis .   i - +0 whip (venom)
rCold    . . .     Faith    .   (no shield)
rNeg     . . .     Spirit   .   a - +0 robe
rPois    .         Reflect  .   (helmet restricted)
rElec    .         Harm     .   (no cloak)
rCorr    .         Rampage  .   (no gloves)
MR       .....                  (boots unavailable)
Stlth    ++........             d - amulet of inaccuracy (curse)
HPRegen  0.08/turn              (no ring)
MPRegen  0.11/turn              (no ring)

@: very slightly contaminated, invisible
A: beak, talons 3
a: no special abilities


You were on level 2 of the Dungeon.
You visited 1 branch of the dungeon, and saw 3 of its levels.

You collected 109 gold pieces.

Inventory:

Hand Weapons
 b - a +0 whip
 f - a +0 spear
 i - a +0 whip of venom (weapon)
Armour
 a - a +0 robe (worn)
Jewellery
 d - a cursed amulet of inaccuracy (around neck)
Scrolls
 e - 2 scrolls of immolation
Potions
 c - 4 potions of stabbing
 h - a potion of curing
 j - 2 potions of heal wounds {unknown}
 k - a potion of cancellation {unknown}
 l - a potion of lignification {unknown}
 m - a potion of berserk rage {unknown}


   Skills:
 + Level 0.4 Fighting
 - Level 2.0 Armour
 + Level 3.3 Dodging
 - Level 2.0 Stealth
 - Level 2.3 Spellcasting
 + Level 5.0 Necromancy


You had 2 spell levels left.
You knew the following spells:

 Your Spells              Type           Power        Failure   Level
a - Pain                  Necr           ###.         2%          1
b - Animate Skeleton      Necr           ###...       2%          1
c - Vampiric Draining     Necr           ###.......   9%          3

Your spell library contained the following spells:

 Spells                   Type           Power        Failure   Level
 Animate Dead             Necr           ###.......   26%         4
 Agony                    Necr           ###.....     58%         5


Dungeon Overview and Level Annotations

Branches:
Dungeon (3/15)

Altars:
Uskayaw


Innate Abilities, Weirdness & Mutations

You have a beak for a mouth.
You have claws for feet.


Message History

You climb upwards.
Reactivating autopickup.
There is a stone staircase leading down here.
It was a potion of invisibility.
You fade into invisibility!
You are very lightly contaminated with residual magic.
Okay, then.
Okay, then.
It was a potion of curing.
You feel better.
You hear some strange, mumbled words.
A magic dart appears from out of thin air!
Deactivating autopickup; reactivate with Ctrl-A.
The magic dart hits you!
* * * LOW HITPOINT WARNING * * *
Casting: Pain (safe; 2% risk of failure)
Confirm with . or Enter, or press ? or * to list all spells.
Okay, then.
A magic dart appears from out of thin air!
The magic dart hits you!
You die...

#...# #.#.# #.#.# #.#.####### ##
################.#.#.....# #.
#..............#{........#######.
#.############.#>..............+.
#†# #.#.#.#.....#####.#.
#.######## #.#@#.........# #...
#...(....# #.#.#########.# #.).
#........# ##.#.#.......#.# #...
#........####.........[..#.# #.##
#........................#.# #.#
##.......###.......).....#.# #.#
#.......# #.#.#.#....(..#.# #.##
#.......# #.#.#.####......# #...
######### #.#.#.# #.########...


There were no monsters in sight!

Vanquished Creatures
  Jessica (D:2)
  A gnoll (D:1)
  A worm (D:2)
  A dart slug (D:2)
  3 leopard geckos (D:2)
  3 orcs (D:3)
  3 bats
  3 giant cockroaches (D:2)
  7 goblins
  3 hobgoblins (D:1)
  2 quokkas (D:2)
  3 frilled lizards
  8 kobolds
  7 rats
46 creatures vanquished.

Notes
Turn   | Place    | Note
-------+----------+-------------------------------------------
     0 | D:1      | DogServant the Tengu Necromancer began the quest for the
                  | Orb.
     0 | D:1      | Reached XP level 1. HP: 10/10 MP: 4/4
    49 | D:1      | Reached skill level 1 in Armour
    49 | D:1      | Reached XP level 2. HP: 12/15 MP: 1/6
   725 | D:1      | Learned a level 1 spell: Animate Skeleton
   779 | D:1      | Reached XP level 3. HP: 18/19 MP: 4/7
  1462 | D:2      | Learned a level 3 spell: Vampiric Draining
  2008 | D:2      | Noticed Jessica
  2026 | D:2      | Killed Jessica
  2026 | D:2      | Reached XP level 4. HP: 24/24 MP: 1/8
  2196 | D:2      | Reached skill level 5 in Necromancy
  2916 | D:2      | Found a hide-covered altar of Uskayaw.
  2917 | D:2      | Noticed a +0 dagger
  2917 | D:2      | Noticed a +0 dagger
  3189 | D:2      | HP: 1/24 [something/magic dart (8)]
  3191 | D:2      | Killed from afar by an orc wizard

Illustrated notes

Levels and vault maps discovered:
D:1:      minmay_arrival_stone_box, layout_loops_ring, nrook_mini_backslash,
          st_stairs_10, minmay_misc_feat_room
D:2:      layout_basic, dancing_weapons_uskayaw, kennysheep_jessica_study
D:3:      layout_basic, overflow_temple_1_default, overflow_temple_1_default,
          tgw_sif, minitemple, overflow_temple_1_default, uniq_sigmund,
          uniq_terence

Skill      XL: |  1  2  3  4 |
---------------+-------------+-----
Armour         | 1 2 |  2.0
Dodging        | 3 |  3.3
Necromancy     | 5 |  5.0
Fighting       | |  0.4
Stealth        | |  2.0
Spellcasting   | |  2.3

Action                   |  1- 3 |  4- 6 || total
-------------------------+-------+-------++-------
Melee: Whip              |    31 |    41 ||    72
       Kick              |     6 |     4 ||    10
       Spear             |    17 |       ||    17
       Peck              |       |     6 ||     6
 Cast: Pain              |    38 |    19 ||    57
       Vampiric Draining |     2 |     3 ||     5
       Animate Skeleton  |     1 |       ||     1
  Use: Scroll            |     3 |       ||     3
       Potion            |       |     2 ||     2
 Stab: Sleeping          |     6 |     1 ||     7
Armor: Robe              |     4 |    11 ||    15
Dodge: Dodged            |    30 |    35 ||    65

Table legend: (Time is in decaauts)
 A = Elapsed time spent in this place.
 B = Non-inter-level travel time spent in this place.
 C = Inter-level travel time spent in this place.
 D = Time resting spent in this place.
 E = Time spent auto-exploring this place.
 F = Levels seen in this place.
 G = Mean time per level.
                   A        B        C        D        E       F      G
               +--------+--------+--------+--------+--------+-----+--------+
         Total |   3198 |   3166 |     32 |   1389 |   1357 |   3 | 1066.0 |
       Dungeon |   3198 |   3166 |     32 |   1389 |   1357 |   3 | 1066.0 |
               +--------+--------+--------+--------+--------+-----+--------+

Top non-repeatable levels by time:
     D:2: 1725 daAuts
     D:1: 1359 daAuts
     D:3: 114 daAuts
